 Dungeon Crawl Stone Soup version 0.32-a0-685-g93135e86f0 (webtiles) character file.

Game seed: 7824005362378699623

609042 mopl the Sorcerer (level 26, -5/156 HPs)
             Began as a Deep Elf Fire Elementalist on Mar 11, 2024.
             Was the Champion of Vehumet.
             Slain by a ghost moth (6 damage)
             ... while paralysed
             ... on level 12 of a ziggurat on Mar 12, 2024.
             The game lasted 02:59:01 (59671 turns).

mopl the Sorcerer (Deep Elf Fire Elementalist)     Turns: 59671, Time: 02:59:02

Health: -5/156     AC: 11    Str:  1 (3)  XL:     26   Next: 18%
Magic:  0/54       EV:  2    Int: 32 (33) God:    Vehumet [******]
Gold:   7222       SH:  0    Dex: 18 (20) Spells: 8/75 levels left

rFire   + + +        a - staff of fire
rCold   + . .        i - crystal ball of Wucad Mu {*channel}
rNeg    + . .        p - +0 robe "Gomiguf" {rElec rCorr Stlth-}
rPois   +            S - +1 helmet
rElec   +            H - +2 cloak {rPois}
rCorr   +            q - +0 pair of gloves of the gadgeteer {Gadgeteer Wandboost ^Fragile}
SInv    +            P - +2 pair of boots
Will    +++..        L - amulet "Boyl" {Reflect rElec rN+ Dex+3 SH+5 Stlth+}
Stlth   ++           x - ring "Xyfefer" {rPois rF+ rC+ Dex+4}
HPRegen 0.00/turn    Z - ring of Pragmatism {rElec rF++ Will+ Dex-2 SInv}
MPRegen 0.34/turn

%: reflection, channel magic (40%)
@: paralysed, sick, fragile (+50% incoming damage), inhibited regen, hasted and
slowed, lost strength, studying 2 skills
A: [deterioration 2], [weak 1], [heat vulnerability 1], [inability to read after
injury 2]
}: 4/15 runes: barnacled, slimy, silver, gossamer
a: Renounce Religion


You were on level 12 of a ziggurat.
You worshipped Vehumet.
Vehumet was exalted by your worship.
You visited 11 branches of the dungeon, and saw 51 of its levels.
You visited 1 ziggurat, and saw 12 of its levels.
You also visited: Ossuary and Gauntlet.

You collected 8533 gold pieces.
You spent 1311 gold pieces at shops.

Inventory:

Hand Weapons
 B - the +9 staff of Olgreb {rPois∞}
   (You found it on level 11 of a ziggurat)

   Radiate:   It can be activated via the 'a'bility menu to radiate toxic
   energy, with effectiveness depending on Evocations skill.
   Alch:      It enhances your alchemy magic.
   rPois∞: It grants immunity to poison.
 V - the +8 mithril axe "Arga" {speed, Will+}
   (You found it on level 8 of a ziggurat)

   Will+:     It increases your willpower.
Missiles
 g - 7 javelins
 Q - 14 curare-tipped darts
Armour
 e - the +1 robe of the Alphagorgon {Harm Archmagi}
   (You found it on level 9 of a ziggurat)

   Harm:      It increases damage dealt and taken.
   Archmagi:  It increases the power of your magical spells.
 i - the crystal ball of Wucad Mu (worn) {*channel}
   (You found it on level 3 of the Lair of Beasts)

   *Channel:  It often returns the magic spent to cast spells, but lowers their
   success rate.
   It always returns the magic spent on miscasts.
 p - the +0 robe "Gomiguf" (worn) {rElec rCorr Stlth-}
   (You found it on level 1 of the Spider Nest)

   rElec:     It insulates you from electricity.
   rCorr:     It protects you from acid and corrosion.
   Stlth-:    It makes you less stealthy.
 q - the +0 pair of gloves of the gadgeteer (worn) {Gadgeteer Wandboost ^Fragile}
   (You took it off Nikola on level 1 of the Spider Nest)

   Gadgeteer: Your evocable items recharge 30% faster and wands have a 30%
   chance to not spend a charge.
   Wandboost: Your wands are more powerful.
   ^Fragile:  It will be destroyed if unequipped.
 y - a +4 kite shield of protection
 H - a +2 cloak of poison resistance (worn)
 P - a +2 pair of boots (worn)
 S - a +1 helmet (worn)
Magical Staves
 a - a staff of fire (weapon)
Jewellery
 f - a ring of flight
 x - the ring "Xyfefer" (left hand) {rPois rF+ rC+ Dex+4}
   (You acquired it on level 1 of the Spider Nest)

   [ring of protection from fire]

   Dex+4:     It affects your dexterity (+4).
   rF+:       It protects you from fire.
   rC+:       It protects you from cold.
   rPois:     It protects you from poison.
 L - the amulet "Boyl" (around neck) {Reflect rElec rN+ Dex+3 SH+5 Stlth+}
   (You found it on level 5 of the Pits of Slime)

   [amulet of reflection]

   Reflect:   It reflects blocked missile attacks.
   Dex+3:     It affects your dexterity (+3).
   rElec:     It insulates you from electricity.
   rN+:       It protects you from negative energy.
   SH+5:      It affects your SH (+5).
   Stlth+:    It makes you more stealthy.
 Z - the ring of Pragmatism (right hand) {rElec rF++ Will+ Dex-2 SInv}
   (You found it in a Gauntlet)

   [ring of see invisible]

   Dex-2:     It affects your dexterity (-2).
   rF++:      It greatly protects you from fire.
   rElec:     It insulates you from electricity.
   Will+:     It increases your willpower.
   SInv:      It lets you see invisible.
Wands
 k - a wand of digging (1)
 l - a wand of acid (44)
 E - a wand of paralysis (97)
 G - a wand of polymorph (20)
 J - a wand of flame (128)
 W - a wand of mindburst (64)
 X - a wand of iceblast (72)
Scrolls
 d - 9 scrolls of poison
 r - 13 scrolls of immolation
 u - 10 scrolls of fog
 A - 3 scrolls of blinking
 C - 6 scrolls of butterflies
 D - 20 scrolls of teleportation
 I - 13 scrolls of vulnerability
 K - 17 scrolls of fear
 M - 6 scrolls of silence {!r}
 N - 14 scrolls of revelation
Potions
 b - 10 potions of magic
 c - 9 potions of lignification {!q}
 h - 8 potions of heal wounds
 m - 12 potions of curing
 o - 7 potions of mutation {!q}
 s - 6 potions of cancellation
 t - 6 potions of berserk rage {!q}
 v - 2 potions of resistance
 w - 7 potions of ambrosia
 F - 6 potions of enlightenment
 R - 13 potions of haste
 T - 6 potions of invisibility
 U - 9 potions of brilliance
Miscellaneous
 j - a sack of spiders
 n - a lightning rod (4/4)
 z - a tin of tremorstones (2/2)
 O - a phial of floods
 Y - a phantom mirror


   Skills:
 + Level 13.1 Fighting
 + Level 11.7 Throwing
 - Level 16.0 Dodging
 - Level 2.4 Stealth
 + Level 5.6 Shields
 + Level 25.4 Spellcasting
 * Level 22.9 Conjurations
 - Level 5.0 Translocations
 * Level 23.1 Fire Magic
 * Level 15.7 Air Magic
 - Level 10.0 Alchemy
 + Level 14.4 Evocations
 * Level 13.1 Shapeshifting


You had 8 spell levels left.
You knew the following spells:

 Your Spells              Type           Power      Damage    Failure   Level
a - Plasma Beam           Fire/Air       64%        2x1d80    1%          6
b - Fire Storm            Conj/Fire      68%        8d17      4%          9
c - Chain Lightning       Conj/Air       52%        3d70      13%         9
d - Orb of Destruction    Conj           56%        9d14      1%          7
e - Blink                 Tloc           100%       N/A       1%          2
f - Fireball              Conj/Fire      68%        3d26      1%          5
g - Ignite Poison         Fire/Alch      100%       N/A       1%          4
h - Ignition              Fire           68%        3d18      1%          8
i - Irradiate             Conj/Alch      49%        3d28      1%          5
o - Olgreb's Toxic Radia  Alch           81%        N/A       1%          4
M - Maxwell's Capacitive  Air            48%        ∞         4%          8

Your spell library contained the following spells:

 Spells                   Type           Power      Damage    Failure   Level
 Lehudib's Crystal Spear  Conj/Erth      42%        10d10     19%         8
 Apportation              Tloc           100%       N/A       1%          1
 Foxfire                  Conj/Fire      100%       2x1d9     1%          1
 Kiss of Death            Conj/Necr      100%       2d13      1%          1
 Magic Dart               Conj           100%       1d8       1%          1
 Sandblast                Erth           80%        2d17      1%          1
 Sting                    Conj/Alch      100%       1d9       1%          1
 Cigotuvi's Dreadful Rot  Necr/Alch/Air  100%       N/A       1%          2
 Lesser Beckoning         Tloc           100%       N/A       1%          2
 Mercury Vapours          Alch/Air       100%       N/A       1%          2
 Momentum Strike          Conj/Tloc      100%       3d10      1%          2
 Scorch                   Fire           100%       2d9       1%          2
 Searing Ray              Conj           100%       2d8       1%          2
 Dazzling Flash           Conj/Hex       100%       N/A       1%          3
 Hailstorm                Conj/Ice       85%        3d14      1%          3
 Inner Flame              Hex/Fire       100%       N/A       1%          3
 Mephitic Cloud           Conj/Alch/Air  98%        N/A       1%          3
 Stone Arrow              Conj/Erth      100%       3d13      1%          3
 Swiftness                Air            96%        N/A       1%          3
 Volatile Blastmotes      Fire/Tloc      100%       2d18      1%          3
 Brom's Barrelling Bould  Conj/Erth      85%        2d10      1%          4
 Flame Wave               Conj/Fire      100%       2d21      1%          4
 Fulminant Prism          Conj/Alch      49%        3d21      1%          4
 Sticky Flame             Fire/Alch      100%       2d15      1%          4
 Vhi's Electric Charge    Tloc/Air       100%       N/A       1%          4
 Arcjolt                  Conj/Air       52%        1d62      1%          5
 Freezing Cloud           Conj/Ice/Air   44%        6-21      1%          5
 Iskenderun's Battlesphe  Conj           100%       2d15      1%          5
 Bombard                  Conj/Erth      42%        9d7       1%          6
 Conjure Ball Lightning   Conj/Air       52%        3x3d18    1%          6
 Starburst                Conj/Fire      68%        6d18      1%          6
 Gell's Gravitas          Tloc           64%        N/A       2%          3
 Teleport Other           Tloc           64%        N/A       2%          3
 Summon Lightning Spire   Summ/Air       74%        N/A       2%          4
 Alistair's Intoxication  Alch           54%        N/A       2%          5
 Yara's Violent Unravell  Hex/Alch       32%        3d13      2%          5
 Slow                     Hex            100%       N/A       4%          1
 Summon Small Mammal      Summ           100%       N/A       4%          1
 Call Imp                 Summ           80%        N/A       4%          2
 Ensorcelled Hibernation  Hex/Ice        80%        N/A       4%          2
 Jinxbite                 Hex            80%        N/A       4%          2
 Sublimation of Blood     Necr           40%        N/A       4%          2
 Passage of Golubria      Tloc           64%        N/A       4%          4
 Petrify                  Alch/Erth      64%        N/A       4%          4
 Spellforged Servitor     Conj/Summ      42%        N/A       4%          7
 Call Canine Familiar     Summ           40%        N/A       8%          3
 Confusing Touch          Hex            40%        N/A       8%          3
 Fugue of the Fallen      Necr           40%        N/A       8%          3
 Passwall                 Erth           40%        N/A       8%          3
 Sigil of Binding         Hex            40%        N/A       8%          3
 Summon Ice Beast         Ice/Summ       40%        N/A       8%          3
 Tukima's Dance           Hex            40%        N/A       8%          3
 Vampiric Draining        Necr           40%        2d8       8%          3
 Dimensional Bullseye     Hex/Tloc       27%        N/A       9%          4
 Anguish                  Hex/Necr       20%        N/A       17%         4
 Animate Dead             Necr           40%        N/A       17%         4
 Dispel Undead            Necr           40%        3d16      17%         4
 Summon Forest            Summ/Tloc      27%        N/A       17%         5
 Borgnjor's Vile Clutch   Necr/Erth      20%        N/A       36%         5
 Curse of Agony           Necr           40%        N/A       36%         5
 Permafrost Eruption      Ice/Erth       20%        2x4d7     36%         6
 Death Channel            Necr           20%        N/A       85%         6
 Summon Cactus Giant      Summ           20%        N/A       85%         6
 Ozocubu's Refrigeration  Ice            20%        4d11      86%         7
 Malign Gateway           Summ/Tloc      27%        N/A       96%         7
 Haunt                    Necr/Summ      20%        N/A       100%        7
 Monstrous Menagerie      Summ           20%        N/A       100%        7
 Discord                  Hex            20%        N/A       100%        8
 Infestation              Necr           20%        N/A       100%        8
 Summon Horrible Things   Summ           20%        N/A       100%        8
 Polar Vortex             Ice            20%        12d2*     100%        9


Dungeon Overview and Level Annotations

Branches:
Dungeon (15/15)            Temple (1/1) D:6            Lair (5/5) D:8
 Shoals (4/4) Lair:2       Spider (4/4) Lair:2        Slime (5/5) Lair:4
    Orc (2/2) D:9             Elf (3/3) Orc:2        Vaults (5/5) D:13
  Crypt (3/3) Vaults:2       Tomb (0/3) Crypt:3      Depths (4/4) D:15
    Zot (0/5) Depths:4    Ossuary (visited)         Gauntlet (visited)

Altars:
Ashenzari
Cheibriados
Dithmenos
Elyvilon
Fedhas
Gozag
Hepliaklqana
Kikubaaqudgha
Makhleb
Nemelex Xobeh
Okawaru
Qazlal
Ru
Sif Muna
Trog
Uskayaw
Vehumet
Wu Jian
Xom
Yredelemnul
Zin
The Shining One
Jiyva

Shops:
D:9 (   D:10 (   D:14 **   Orc:2 (:((   Elf:1 (*   Elf:3 =   Shoals:2 !
Vaults:1 [=[(:=   Vaults:4 ?   Depths:1 :=:   Depths:3 (

Portals:
Hell: Depths:1 Depths:2 Depths:3 Depths:4
Abyss: Depths:3 Depths:4
Pandemonium: Depths:2

Annotations:
Depths:1 2 transporters, Tulador's ghost, adept HOFi
Depths:3 1 transporter


Innate Abilities, Weirdness & Mutations

[Your body often deteriorates upon taking damage.]
[You are weak. (Str -2)]
[You are vulnerable to heat. (rF-)]
[You sometimes lose the ability to read scrolls when taking damage.]


Message History

Press: ? - help, Shift-Dir - straight line, f/p - silent spectre
Aim: a silent spectre (silenced, almost destroyed, radiating silence, 57% to hit)
You throw a javelin.
The javelin pierces through the ghost moth but does no damage.
The ghost moth is heavily wounded.
The javelin pierces through the silent spectre!
You destroy the silent spectre!
Vehumet accepts your kill.
You feel your power returning.
The javelin pierces through the starcursed mass but does no damage.
The ghost moth stares at you.
You feel your power leaking away. The ghost moth hits you!
You feel weakened.
You have lost your strength.
The ghost moth hits you but does no damage.
The ghost moth stings you.
You feel dopey.
You feel the corruption within you wane somewhat.
You feel a little less angry.
You feel less vulnerable to heat.
You feel a little more calm.
You feel stronger. The crystal guardian hits you!!
Your body deteriorates!
You feel clumsy. The green death hits you!!
Your body deteriorates!
You feel weakened. The neqoxec gestures at you.
Something gnaws heavily on your mind!
A thrashing horror comes into view.
The ghost moth stares at you.
The ghost moth hits you but does no damage. x2
The ghost moth stings you but does no damage.
The crystal guardian fires a shard of itself at you.
The crystallizing shot hits you!
Your body becomes as fragile as glass!
* * * LOW HITPOINT WARNING * * *
The green death hits you!
* * * LOW HITPOINT WARNING * * *
Your body deteriorates!
You feel clumsy. The ghost moth stares at you.
You feel your power leaking away. The ghost moth hits you.
You die...

▓▓▓ (...▓
...).▓
....).▓
.X.....▓▓
...X....▓▓
..3.X3°..▓▓
(....32.∩.▓
(...Xty@.▓▓
(.....9.▓▓
....)).▓▓
......▓
.....▓
....▓ ▓▓▓▓


You could see 3 starcursed masses, a ghost moth (invisible), a green death, a
crystal guardian, a thrashing horror (wandering), an apocalypse crab, a smoke
demon and 2 neqoxecs.

Vanquished Creatures
  the Royal Jelly (Slime:5)
  A dread lich (Zig:7)
  Frederick (Crypt:3)
  An ancient lich (Vaults:5)
  A juggernaut (Depths:2)
  Xtahua (Depths:4)
  Sojobo (Vaults:3)
  3 royal mummies (Zig:10)
  Boris (Crypt:3)
  Margery (Vaults:3)
  A caustic shrike (Zig:11)
  5 golden dragons
  Jory (Vaults:3)
  The ghost of Hiohy the Metamorph, an adept DrSh of Wu Jian (Elf:3)
  A profane servitor (Zig:4)
  Nikola (Spider:1)
  The ghost of Kuuzonye the Peltast, an adept MDFi of Nemelex Xobeh (Crypt:3)
  2 bone dragons (Crypt:3)
  The ghost of Mll the Warrior, an adept MiFi of Okawaru (Elf:3)
  The ghost of Xoff the Fetichist, an adept GnCj of Vehumet (Elf:3)
  Jorgrun (Orc:2)
  2 hellephants
  A shard shrike skeleton (Crypt:1)
  Rupert (D:13)
  3 tentacled monstrosities
  A walking crystal tome (Zig:12)
  4 Hell Sentinels
  The ghost of Dreamthief the Spry, an adept DgBr (Elf:3)
  A quicksilver dragon (Vaults:5)
  3 liches
  3 deep elf blademasters
  9 titans
  3 deep elf master archers
  2 walking divine tomes (Depths:2)
  A walking frostbound tome (Depths:2)
  22 acid blobs
  6 sphinxes
  The ghost of Dedwaat the Hoplite, an adept MiFi of Qazlal (Elf:3)
  Gastronok (Lair:1)
  The ghost of Edwirosa the Tortoise, an adept MiFi of Trog (Elf:3)
  A kraken (Shoals:4)
  8 shadow dragons
  8 ancient champions
  11 azure jellies
  Kirke (Lair:3)
  8 tengu reavers
  7 storm dragons
  7 revenants
  A daeva (Zig:12)
  14 vault wardens
  The ghost of Assuef the Sensei, an adept DsBe of Trog (Elf:3)
  7 iron dragons
  9 rockslimes (Slime:5)
  18 fire giants
  6 deep elf sorcerers
  10 frost giants
  A draconian scorcher (Depths:4)
  A quicksilver elemental (Zig:8)
  2 curse skulls (Crypt:1)
  A draconian shifter (Depths:4)
  4 ghost moths
  6 emperor scorpions
  Louise (Shoals:4)
  The ghost of Filo the Scorcher, a journeyman DrAl of Vehumet (Orc:2)
  7 ghouls
  5 spectral caustic shrikes (Depths:3)
  3 orc warlords
  3 broodmothers
  A draconian annihilator (Zig:1)
  3 deep elf elementalists (Elf:3)
  A spriggan defender (Depths:2)
  A caustic shrike skeleton (Crypt:3)
  5 quicksilver oozes (Slime:5)
  2 reapers
  17 ironbound preservers
  9 ironbound thunderhulks
  14 stone giants
  20 very ugly things
  2 black draconians (Depths:4)
  6 deep elf death magi
  A rockslime zombie (Crypt:3)
  10 vampire knights
  10 deep elf demonologists
  A purple draconian (Depths:4)
  8 deep elf annihilators
  2 yellow draconians (Depths:4)
  A red draconian (Depths:4)
  8 war gargoyles
  A minotaur (Gauntlet)
  7 spark wasps
  The ghost of Adylimun the Cleaver, a journeyman HOFi of Okawaru (Elf:3)
  14 ettins
  2 eidola (Crypt:2)
  Snorg (D:11)
  14 jiangshi
  2 mummy priests (Zig:10)
  2 crystal guardians (Zig:11)
  4 entropy weavers
  4 iron golems
  3 merfolk javelineers
  10 merfolk impalers
  12 great orbs of eyes
  3 fire dragons (Depths:2)
  9 yaktaur captains
  Harold (D:11)
  6 deep elf high priests
  10 ice dragons
  9 rakshasas
  Josephine (Lair:3)
  42 vault guards
  2 hydras
  4 spriggan air magi
  A spriggan skeleton (Depths:2)
  14 ironbound frosthearts
  3 ogre magi
  3 merfolk avatars
  Erica (D:11)
  A juggernaut simulacrum (Crypt:1)
  5 centaur warriors
  48 dancing weapons
  14 boulder beetles
  2 alligator snapping turtles (Shoals:3)
  3 death knights
  A catoblepas (Lair:1)
  2 torpor snails (shapeshifter)
  8 merfolk aquamancers
  2 radroaches
  6 tengu warriors
  3 satyrs
  12 two-headed ogres
  11 deep troll shamans
  A death yak (Zig:2)
  A death scarab (Spider:3)
  13 deep troll earth magi
  2 hell hogs (Depths:1)
  9 vampire magi
  3 thrashing horrors
  An orc high priest (Zig:5)
  12 demonic crawlers
  3 titan zombies
  7 spriggan berserkers
  Sonja (Orc:1)
  A soul eater (Crypt:3)
  22 deep elf knights
  6 iron trolls
  2 titan skeletons
  11 hell knights
  14 pharaoh ants
  6 shadow wraiths
  2 wretched stars
  A crystal echidna (Zig:8)
  22 skeletal warriors
  5 flayed ghosts
  A glowing orange brain (shapeshifter) (Depths:2)
  A sun moth (shapeshifter) (Vaults:5)
  9 orb spiders
  7 sea snakes
  4 skysharks
  A bunyip skeleton (Crypt:3)
  2 glowing orange brains
  2 bog bodies
  A golden dragon skeleton (Depths:2)
  A sun moth (Spider:2)
  12 deep elf archers
  52 deep trolls
  6 arcanists
  6 steelbarb worms
  14 phantasmal warriors
  5 thermic dynamos
  14 ironbound convokers
  45 deep elf zephyrmancers
  15 necromancers
  13 lindwurms
  Pikel (D:5)
  33 deep elf pyromancers
  8 harpies
  18 orc knights
  Maurice (D:10)
  A shining eye (shapeshifter) (Vaults:5)
  2 shadow dragon skeletons (Crypt:3)
  An eleionoma zombie (Crypt:3)
  An alligator zombie (Crypt:1)
  A mana viper (shapeshifter) (Depths:2)
  21 wolf spiders
  6 meliai
  39 ugly things
  A will-o-the-wisp (Zig:12)
  5 orc sorcerers
  16 fauns
  2 tengu skeletons
  A fire giant zombie (Depths:2)
  A starcursed mass (Zig:12)
  4 cyclopes
  2 shining eyes (Slime:1)
  2 iron dragon skeletons
  2 fire giant skeletons (Depths:1)
  8 manticores
  5 moths of wrath
  A meliai (shapeshifter) (D:14)
  A shock serpent zombie (Crypt:2)
  9 elephants (Lair:5)
  An apocalypse crab (Zig:12)
  A water nymph (shapeshifter) (Vaults:5)
  3 kobold blastminers (Orc:2)
  Joseph (Lair:1)
  7 black mambas
  A dire elephant zombie (Crypt:1)
  19 vault sentinels
  An eye of devastation (shapeshifter) (Vaults:5)
  2 eyes of devastation
  A stone giant skeleton (Depths:1)
  11 merfolk sirens
  8 cane toads
  A smoke demon (Zig:4)
  2 water nymphs
  A mana viper zombie (Crypt:2)
  3 unseen horrors
  2 gargoyles
  A kobold demonologist (D:12)
  Jeremiah (D:7)
  A dire elephant skeleton (Crypt:3)
  29 yaktaurs
  A swamp worm zombie (Crypt:3)
  A large abomination (Zig:12)
  A red draconian zombie (Crypt:3)
  5 tengu conjurers
  An efreet (D:14)
  5 torpor snails
  4 rime drakes
  7 komodo dragons
  4 ancient zymes
  A yaktaur (shapeshifter) (D:15)
  6 guardian mummies (Zig:10)
  A tormentor (Zig:8)
  5 freezing wraiths
  A sea snake zombie (Crypt:1)
  25 merfolk
  A hydra zombie (Crypt:3)
  A silent spectre (Zig:12)
  A harpy zombie (Crypt:3)
  A queen bee (Lair:1)
  A red devil (Spider:2)
  An iron troll skeleton (Crypt:3)
  6 trolls
  A shadow dragon simulacrum (Crypt:3)
  A yellow draconian skeleton (Crypt:1)
  19 blink frogs
  A troll (shapeshifter) (D:13)
  4 polar bears
  A raiju (Gauntlet)
  A hornet (shapeshifter) (Elf:3)
  12 hornets
  3 harpy skeletons
  3 spriggan zombies
  2 glass eyes (Slime:5)
  Grinder (D:5)
  8 wind drakes
  24 tarantellas
  13 dream sheep
  A blink frog (shapeshifter) (Elf:3)
  13 snapping turtles
  A hydra skeleton (Crypt:3)
  132 slime creatures
  18 water elementals
  3 vampires
  An ettin skeleton (Crypt:3)
  32 jumping spiders
  2 shadows
  A wyvern (Zig:2)
  A yak (shapeshifter) (D:13)
  21 culicivoras
  18 spriggans
  8 wraiths
  63 yaks
  5 air elementals
  A human (Lair:3)
  Grum (D:11)
  3 fire elementals
  2 hogs (Lair:3)
  4 golden eyes (Slime:5)
  4 steam dragons
  8 basilisks
  10 vampire mosquitoes
  A neqoxec (Zig:4)
  72 redbacks
  2 wargs
  2 swamp worms (shapeshifter) (Vaults:5)
  A deep troll zombie (Crypt:1)
  8 water moccasins
  A faun zombie (Crypt:2)
  2 glowing shapeshifter zombies
  A demonspawn zombie (Crypt:1)
  43 orc warriors
  A water nymph skeleton (Crypt:2)
  7 ice beasts
  13 laughing skulls
  An ettin simulacrum (Depths:1)
  6 black bears
  17 ogres
  4 boggarts (Lair:5)
  32 wolves
  16 centaurs
  4 lemures (D:5)
  A fire crab zombie (Crypt:1)
  3 phantoms
  A hog skeleton (Crypt:2)
  4 kobold brigands
  6 bullfrogs
  5 earth elementals
  3 scorpions
  A draconian skeleton (Crypt:2)
  3 elf zombies (Ossuary)
  3 gnoll sergeants
  3 wights (D:10)
  32 killer bees
  A raiju skeleton (Crypt:2)
  5 electric eels
  3 howler monkeys
  2 centaur zombies (Ossuary)
  9 hounds
  5 human zombies (Ossuary)
  21 orc priests
  A centaur skeleton (Crypt:2)
  4 iguanas
  2 iron imps (Gauntlet)
  2 sleepcaps
  31 orc wizards
  A brain worm zombie (Crypt:1)
  A crocodile zombie (Ossuary)
  A sky beast zombie (Crypt:1)
  14 mummies
  20 gnolls
  11 adders
  A ribbon worm zombie (Crypt:1)
  A white imp (D:7)
  An iguana skeleton (Crypt:3)
  4 dart slugs
  A ribbon worm (D:3)
  74 orcs
  12 ball pythons
  3 bats (D:1)
  8 endoplasms
  12 hobgoblins
  4 jackals
  3 quokkas
  A frilled lizard (D:1)
  5 goblins
  A goblin skeleton (Crypt:2)
  28 kobolds
  2 quokka skeletons
  7 rats
2446 creatures vanquished.

Vanquished Creatures (collateral kills)
  A golden dragon (Vaults:5)
  An acid blob (Zig:12)
  A shadow dragon (Vaults:5)
  An ironbound preserver (Vaults:5)
  A spriggan zombie (Crypt:3)
  A wretched star (Zig:12)
  A skeletal warrior (Crypt:3)
  A phantasmal warrior (Crypt:1)
  A golden dragon skeleton (Crypt:1)
  A large abomination (Zig:12)
  A jorogumo skeleton (Crypt:1)
  A dire elephant skeleton (Crypt:1)
  2 starcursed masses (Zig:12)
  A bat zombie (Crypt:3)
15 creatures vanquished.

Vanquished Creatures (others)
  A stone giant (Depths:3)
  A boulder beetle (Spider:1)
  A tarantella (Spider:1)
  A human (Lair:3)
  177 fire vortices
  55 foxfires
  8 tentacles (Shoals:4)
244 creatures vanquished.

Grand Total: 2705 creatures vanquished

Notes
Turn   | Place    | Note
-------+----------+-------------------------------------------
     0 | D:1      | mopl the Deep Elf Fire Elementalist began the quest for the
                  | Orb.
     0 | D:1      | Reached XP level 1. HP: 10/10 MP: 6/6
   339 | D:1      | Reached XP level 2. HP: 15/15 MP: 5/8
   629 | D:1      | Reached skill level 2 in Conjurations
   634 | D:1      | Learned a level 2 spell: Scorch
   667 | D:1      | Reached XP level 3. HP: 19/19 MP: 7/10
  1286 | D:2      | Reached skill level 4 in Spellcasting
  1404 | D:2      | Reached skill level 4 in Fire Magic
  1555 | D:2      | Reached XP level 4. HP: 24/24 MP: 3/12
  1646 | D:3      | Learned a level 2 spell: Blink
  1869 | D:3      | Found a faded altar of an unknown god.
  2645 | D:4      | Noticed a scorpion
  2650 | D:4      | Killed a scorpion
  2651 | D:4      | Reached skill level 3 in Conjurations
  2651 | D:4      | Reached skill level 1 in Translocations
  2651 | D:4      | Reached XP level 5. HP: 28/28 MP: 7/14
  2757 | D:4      | Reached skill level 5 in Spellcasting
  2771 | D:4      | Reached skill level 2 in Translocations
  2968 | D:4      | Found an iron altar of Okawaru.
  2975 | D:4      | Reached XP level 6. HP: 32/32 MP: 10/15
  3192 | D:4      | Reached skill level 5 in Fire Magic
  3495 | D:5      | Entered Level 5 of the Dungeon
  3646 | D:5      | Reached skill level 4 in Conjurations
  3661 | D:5      | Noticed Grinder
  3666 | D:5      | Noticed Pikel
  3838 | D:5      | Reached skill level 3 in Translocations
  3896 | D:5      | Killed Grinder
  3897 | D:5      | Reached skill level 6 in Spellcasting
  3897 | D:5      | Reached XP level 7. HP: 36/36 MP: 10/18
  4032 | D:5      | Found an ornate altar of the Wu Jian Council.
  4032 | D:5      | Found a glowing silver altar of Zin.
  4118 | D:5      | Identified the ring "Astouduj" {EV+5 Int-3 Dex+5}
  4685 | D:5      | Found an ornate altar of the Wu Jian Council.
  4685 | D:5      | Found a glowing silver altar of Zin.
  4914 | D:5      | Killed Pikel
  4915 | D:5      | Reached skill level 7 in Spellcasting
  4915 | D:5      | Reached skill level 5 in Conjurations
  4915 | D:5      | Reached skill level 4 in Translocations
  4915 | D:5      | Reached skill level 6 in Fire Magic
  4915 | D:5      | Reached XP level 8. HP: 40/41 MP: 8/21
  5114 | D:6      | Found a staircase to the Ecumenical Temple.
  5158 | D:6      | Found a sand-covered staircase.
  5166 | D:6      | HP: 1/41 [centaur/arrow (11)]
  5167 | Ossuary  | Entered an ossuary
  5339 | Ossuary  | Reached skill level 5 in Translocations
  5349 | Ossuary  | Reached skill level 6 in Conjurations
  5351 | Ossuary  | Reached skill level 8 in Spellcasting
  5456 | Ossuary  | Reached skill level 7 in Fire Magic
  5818 | Ossuary  | Identified 3 scrolls of acquirement
  5818 | Ossuary  | Acquired 478 gold pieces
  5820 | Ossuary  | Acquired a staff of fire
  5823 | Ossuary  | Acquired an Everburning Encyclopedia
  5830 | Ossuary  | Learned a level 4 spell: Olgreb's Toxic Radiance
  5835 | Ossuary  | Learned a level 4 spell: Ignite Poison
  5864 | D:6      | Reached XP level 9. HP: 42/45 MP: 8/23
  5866 | D:6      | Reached skill level 1 in Alchemy
  6154 | D:7      | Reached skill level 9 in Spellcasting
  6227 | D:7      | Reached skill level 2 in Alchemy
  6294 | D:7      | Reached skill level 1 in Fighting
  6295 | D:7      | Reached skill level 7 in Conjurations
  6524 | D:6      | Reached skill level 8 in Fire Magic
  6558 | D:6      | Reached skill level 3 in Alchemy
  6575 | Temple   | Entered the Ecumenical Temple
  6592 | Temple   | Became a worshipper of Vehumet
  6961 | D:7      | Noticed Jeremiah
  6993 | D:7      | Killed Jeremiah
  7176 | D:7      | Found a snail-covered altar of Cheibriados.
  7324 | D:7      | Found a glowing golden altar of the Shining One.
  7434 | D:7      | Reached skill level 2 in Fighting
  7449 | D:7      | Reached skill level 10 in Spellcasting
  7449 | D:7      | Reached skill level 4 in Alchemy
  7494 | D:7      | Reached * piety under Vehumet
  7494 | D:7      | Offered knowledge of Kiss of Death by Vehumet.
  7715 | D:7      | Reached XP level 10. HP: 53/53 MP: 21/26
  7761 | D:7      | Reached skill level 8 in Conjurations
  7974 | D:7      | Learned a level 5 spell: Irradiate
  8320 | D:8      | Reached skill level 9 in Fire Magic
  8329 | D:8      | Reached skill level 5 in Alchemy
  8581 | D:8      | Found a staircase to the Lair.
  8586 | D:8      | Offered knowledge of Sandblast by Vehumet.
  8790 | D:8      | Reached ** piety under Vehumet
  8791 | D:8      | Reached skill level 11 in Spellcasting
  9052 | D:9      | Reached skill level 3 in Fighting
  9144 | D:9      | Reached skill level 9 in Conjurations
  9191 | D:9      | Reached skill level 6 in Alchemy
  9276 | D:9      | Found Pusch's Weapon Shop.
  9353 | D:9      | Offered knowledge of Momentum Strike by Vehumet.
  9363 | D:9      | Reached *** piety under Vehumet
  9400 | D:9      | Found a staircase to the Orcish Mines.
  9680 | D:10     | Entered Level 10 of the Dungeon
  9683 | D:10     | Reached XP level 11. HP: 60/60 MP: 22/28
  9693 | D:10     | Noticed Maurice
  9698 | D:10     | Killed Maurice
  9765 | D:10     | Reached skill level 10 in Fire Magic
  9766 | D:10     | Offered knowledge of Hailstorm by Vehumet.
  9951 | D:10     | Reached skill level 12 in Spellcasting
  9970 | D:10     | Found Duseff's Weapon Boutique.
 10062 | D:10     | Reached skill level 7 in Alchemy
 10123 | Orc:1    | Entered Level 1 of the Orcish Mines
 10126 | Orc:1    | Reached **** piety under Vehumet
 10224 | Orc:1    | Noticed an orc sorcerer
 10232 | Orc:1    | Killed an orc sorcerer
 10247 | Orc:2    | Entered Level 2 of the Orcish Mines
 10254 | Orc:2    | Offered knowledge of Fireball by Vehumet.
 10351 | Orc:2    | Noticed Jorgrun
 10371 | Orc:2    | Killed Jorgrun
 10372 | Orc:2    | Reached skill level 4 in Fighting
 10372 | Orc:2    | Reached skill level 10 in Conjurations
 10481 | Orc:2    | Found a transporter.
 10484 | Orc:2    | Noticed an orc knight
 10491 | Orc:2    | Noticed an ettin
 10492 | Orc:2    | Found a bloodstained altar of Trog.
 10499 | Orc:2    | Noticed a two-headed ogre
 10501 | Orc:2    | Noticed a two-headed ogre
 10502 | Orc:2    | Noticed a two-headed ogre
 10541 | Orc:2    | Found a transporter.
 10592 | Orc:2    | Noticed an orc knight
 10602 | Orc:2    | Killed an orc knight
 10710 | Orc:1    | Noticed an orc knight
 10714 | Orc:1    | Killed an orc knight
 10715 | Orc:1    | Reached skill level 8 in Alchemy
 10717 | Orc:1    | Noticed Sonja
 10721 | Orc:1    | Killed Sonja
 10722 | Orc:1    | Reached skill level 11 in Fire Magic
 10727 | Orc:1    | Reached skill level 13 in Spellcasting
 10727 | Orc:1    | Reached XP level 12. HP: 61/67 MP: 27/31
 11157 | Orc:2    | Found a staircase to the Elven Halls.
 11421 | Orc:2    | Reached ***** piety under Vehumet
 11556 | Orc:2    | Offered knowledge of Starburst by Vehumet.
 11566 | Orc:2    | Reached skill level 11 in Conjurations
 11797 | Orc:2    | Reached skill level 9 in Alchemy
 11829 | Orc:2    | Found Efeo's Book Shop.
 11829 | Orc:2    | Found Zydaghot's Antique Weapon Shoppe.
 11831 | Orc:2    | Found Sinaczee's Weapon Emporium.
 11833 | Orc:2    | Found Appiagotad's Antique Weapon Boutique.
 11954 | Orc:2    | Noticed Filo's ghost (journeyman DrAl)
 12052 | Lair:1   | Entered Level 1 of the Lair of Beasts
 12068 | Lair:1   | Reached skill level 5 in Fighting
 12112 | Lair:1   | Noticed Gastronok
 12267 | Lair:1   | Killed Gastronok
 12268 | Lair:1   | Reached skill level 14 in Spellcasting
 12268 | Lair:1   | Reached skill level 12 in Fire Magic
 12545 | Lair:1   | Noticed Joseph
 12548 | Lair:1   | Killed Joseph
 12784 | Lair:1   | Reached XP level 13. HP: 72/72 MP: 31/33
 12797 | Lair:1   | Reached skill level 10 in Alchemy
 12958 | Lair:1   | Reached skill level 12 in Conjurations
 13147 | Lair:2   | Found a gate leading to a gauntlet.
 13203 | Gauntlet | Entered a Gauntlet
 13203 | Gauntlet | Found a transporter.
 13210 | Gauntlet | Found a transporter.
 13212 | Gauntlet | Found a transporter.
 13226 | Gauntlet | Found a transporter.
 13228 | Gauntlet | Found a transporter.
 13245 | Gauntlet | Found a transporter.
 13250 | Gauntlet | Found a runed translucent door.
 13254 | Gauntlet | Found a transporter.
 13262 | Gauntlet | Found a runed translucent door.
 13263 | Gauntlet | Found a transporter.
 13264 | Gauntlet | Found a runed translucent door.
 13273 | Gauntlet | Found a transporter.
 13287 | Gauntlet | Found a transporter.
 13289 | Gauntlet | Found a transporter.
 13302 | Gauntlet | Found a transporter.
 13403 | Gauntlet | Found a transporter.
 13409 | Gauntlet | Identified the amulet of Haanur {Spirit Str+3 Int+4}
 13456 | Gauntlet | Offered knowledge of Lee's Rapid Deconstruction by Vehumet.
 13470 | Gauntlet | Found a transporter.
 13473 | Gauntlet | Identified the ring of Pragmatism {rElec rF++ Will+ Dex-2
                  | SInv}
 13526 | Gauntlet | Noticed a minotaur
 13530 | Gauntlet | Killed a minotaur
 13536 | Gauntlet | Identified the +0 shortbow "Xuevu" {drain, rF- rC+ MP+9
                  | Dex+7}
 13708 | Lair:2   | Reached skill level 15 in Spellcasting
 13760 | Lair:2   | Found a hole to the Spider Nest.
 14036 | Lair:2   | Found a staircase to the Shoals.
 14346 | Lair:3   | Noticed Kirke
 14355 | Lair:3   | Killed Kirke
 14356 | Lair:3   | Reached skill level 1 in Throwing
 14356 | Lair:3   | Reached skill level 3 in Dodging
 14356 | Lair:3   | Reached skill level 13 in Fire Magic
 14356 | Lair:3   | Reached skill level 1 in Evocations
 14548 | Lair:3   | Found the crystal ball of Wucad Mu {*channel}
 14716 | Lair:3   | Noticed Josephine
 14726 | Lair:3   | Killed Josephine
 14727 | Lair:3   | Reached skill level 6 in Fighting
 15177 | Lair:4   | Reached skill level 2 in Evocations
 15260 | Lair:4   | Reached skill level 2 in Throwing
 15393 | Lair:4   | Found a burning altar of Makhleb.
 15407 | Lair:4   | Found a viscous altar of Jiyva.
 15407 | Lair:4   | Found a staircase to the Slime Pits.
 15954 | Lair:4   | Reached skill level 4 in Dodging
 16059 | Lair:5   | Entered Level 5 of the Lair of Beasts
 16062 | Lair:5   | Reached skill level 13 in Conjurations
 16340 | Lair:5   | Reached XP level 14. HP: 59/80 MP: 26/35
 16520 | Lair:5   | Reached skill level 3 in Evocations
 16521 | Lair:5   | Offered knowledge of Conjure Ball Lightning by Vehumet.
 16609 | Lair:5   | Reached skill level 16 in Spellcasting
 16706 | Lair:5   | Reached skill level 3 in Throwing
 16961 | Lair:5   | Reached skill level 5 in Dodging
 17138 | Lair:5   | Reached skill level 14 in Fire Magic
 17425 | Lair:5   | Reached skill level 4 in Evocations
 17488 | Lair:5   | Offered knowledge of Spellforged Servitor by Vehumet.
 17922 | D:11     | Noticed Grum
 17925 | D:11     | Killed Grum
 17981 | D:11     | Found a white marble altar of Elyvilon.
 18046 | D:11     | Noticed Snorg
 18051 | D:11     | Killed Snorg
 18134 | D:11     | Learned a level 5 spell: Fireball
 18149 | D:11     | Noticed Erica
 18152 | D:11     | Killed Erica
 18235 | D:11     | Noticed Harold
 18239 | D:11     | Killed Harold
 18407 | D:11     | Reached skill level 14 in Conjurations
 18578 | D:12     | Reached skill level 7 in Fighting
 18590 | D:12     | Identified the +7 mace "Laass" {drain, rElec rC+++ rN+
                  | Str-3}
 18816 | D:12     | Reached skill level 6 in Dodging
 19385 | D:12     | You fall into a shaft and drop 1 floor!
 19501 | D:13     | Reached skill level 17 in Spellcasting
 19530 | D:13     | Reached XP level 15. HP: 86/86 MP: 27/38
 19540 | D:13     | Reached skill level 5 in Evocations
 19545 | D:13     | Offered knowledge of Plasma Beam by Vehumet.
 19561 | D:13     | Found a gate to the Vaults.
 19669 | D:13     | Found a shimmering altar of Xom.
 19738 | D:13     | Noticed Rupert
 19744 | D:13     | Killed Rupert
 20290 | Lair:1   | Learned a level 6 spell: Plasma Beam
 20596 | D:14     | Found Tuik's Specific Store.
 20598 | D:14     | Found Liad's General Store.
 20603 | D:14     | Bought a scroll of identify for 32 gold pieces
 21034 | D:15     | Entered Level 15 of the Dungeon
 21096 | D:15     | Reached skill level 1 in Air Magic
 21098 | D:15     | Reached skill level 15 in Fire Magic
 21184 | D:15     | Reached skill level 7 in Dodging
 21453 | D:15     | Reached skill level 2 in Air Magic
 21566 | D:15     | Reached skill level 6 in Evocations
 21755 | D:15     | Found a staircase to the Depths.
 21826 | D:15     | Reached skill level 15 in Conjurations
 21826 | D:15     | Offered knowledge of Eringya's Noxious Bog by Vehumet.
 21827 | D:15     | Reached skill level 18 in Spellcasting
 22381 | Orc:2    | Reached skill level 3 in Air Magic
 22391 | Orc:2    | Killed Filo's ghost
 22712 | Elf:1    | Entered Level 1 of the Elven Halls
 22992 | Elf:1    | Found a radiant altar of Vehumet.
 23001 | Elf:1    | Reached XP level 16. HP: 89/91 MP: 33/40
 23158 | Elf:1    | Identified the +2 sling "Impslayer" {heavy, rPois Str+3}
 23474 | Elf:1    | Reached skill level 8 in Dodging
 23488 | Elf:1    | Reached skill level 8 in Fighting
 23560 | Elf:1    | Reached skill level 4 in Air Magic
 23743 | Elf:1    | Reached skill level 7 in Evocations
 23746 | Elf:1    | Reached skill level 16 in Fire Magic
 23804 | Elf:1    | Found Aesod's Alliterative Armaments.
 23858 | Elf:1    | Found Xyimik's Antique Weapon Shoppe.
 24075 | Elf:1    | Learned a level 7 spell: Orb of Destruction
 24593 | Elf:2    | Offered knowledge of Maxwell's Capacitive Coupling by
                  | Vehumet.
 24607 | Elf:2    | Learned a level 8 spell: Maxwell's Capacitive Coupling
 24794 | Elf:2    | Reached skill level 19 in Spellcasting
 24805 | Elf:2    | Reached skill level 16 in Conjurations
 24811 | Elf:2    | Reached skill level 5 in Air Magic
 24816 | Elf:2    | Reached ****** piety under Vehumet
 24831 | Elf:2    | Got the Book of Attendants
 24949 | Elf:2    | Found a runed translucent gate.
 24949 | Elf:2    | Found a runed translucent gate.
 24949 | Elf:2    | Found a runed translucent gate.
 25374 | Elf:2    | Reached XP level 17. HP: 99/99 MP: 17/42
 25478 | Elf:2    | Reached skill level 9 in Dodging
 25748 | Elf:2    | Identified the blade talisman of Bursted Music {Will+ SInv}
 25857 | Elf:3    | Entered Level 3 of the Elven Halls
 26080 | Elf:3    | Reached skill level 8 in Evocations
 26470 | Elf:3    | Found Viucke's Jewellery Boutique.
 26780 | Elf:3    | Found a huge runed translucent gate.
 26781 | Elf:3    | Found a huge runed translucent gate.
 26782 | Elf:3    | Found a huge runed translucent gate.
 26782 | Elf:3    | Found a huge runed translucent gate.
 26782 | Elf:3    | Found a huge runed translucent gate.
 26783 | Elf:3    | Found a huge runed translucent gate.
 26783 | Elf:3    | Found a huge runed translucent gate.
 26783 | Elf:3    | Found a huge runed translucent gate.
 26783 | Elf:3    | Found a huge runed translucent gate.
 26784 | Elf:3    | Offered knowledge of Lehudib's Crystal Spear by Vehumet.
 26784 | Elf:3    | Offered knowledge of Fire Storm by Vehumet.
 26784 | Elf:3    | Offered knowledge of Chain Lightning by Vehumet.
 26824 | Elf:3    | Learned a level 8 spell: Ignition
 26863 | Elf:3    | Found a huge runed translucent gate.
 26864 | Elf:3    | Found a huge runed translucent gate.
 26865 | Elf:3    | Found a huge runed translucent gate.
 26866 | Elf:3    | Found a huge runed translucent gate.
 26871 | Elf:3    | Found a huge runed translucent gate.
 26872 | Elf:3    | Found a huge runed translucent gate.
 26873 | Elf:3    | Found a huge runed translucent gate.
 26873 | Elf:3    | Found a huge runed translucent gate.
 26879 | Elf:3    | Found a huge runed translucent gate.
 26880 | Elf:3    | Found a huge runed translucent gate.
 26880 | Elf:3    | Found a huge runed translucent gate.
 26880 | Elf:3    | Found a huge runed translucent gate.
 26880 | Elf:3    | Found a huge runed translucent gate.
 26882 | Elf:3    | Found a huge runed translucent gate.
 26883 | Elf:3    | Found a huge runed translucent gate.
 26907 | Elf:3    | Found a huge runed translucent gate.
 26908 | Elf:3    | Found a huge runed translucent gate.
 26909 | Elf:3    | Found a huge runed translucent gate.
 26909 | Elf:3    | Found a huge runed translucent gate.
 26914 | Elf:3    | Found a huge runed translucent gate.
 26915 | Elf:3    | Found a huge runed translucent gate.
 26915 | Elf:3    | Found a huge runed translucent gate.
 26915 | Elf:3    | Found a huge runed translucent gate.
 26915 | Elf:3    | Found a huge runed translucent gate.
 26917 | Elf:3    | Found a huge runed translucent gate.
 26918 | Elf:3    | Found a huge runed translucent gate.
 26919 | Elf:3    | Found a huge runed translucent gate.
 26939 | Elf:3    | Noticed Xoff's ghost (adept GnCj)
 26939 | Elf:3    | Noticed Mll's ghost (adept MiFi)
 26939 | Elf:3    | Noticed Dreamthief's ghost (adept DgBr)
 26939 | Elf:3    | Noticed Assuef's ghost (adept DsBe)
 26939 | Elf:3    | Noticed Dedwaat's ghost (adept MiFi)
 26939 | Elf:3    | Noticed Adylimun's ghost (journeyman HOFi)
 26939 | Elf:3    | Noticed Edwirosa's ghost (adept MiFi)
 26942 | Elf:3    | Found the +5 scythe "Finisher" {speed, execute}
 26942 | Elf:3    | Noticed Hiohy's ghost (adept DrSh)
 26944 | Elf:3    | Reached skill level 6 in Air Magic
 26944 | Elf:3    | Killed Adylimun's ghost
 26945 | Elf:3    | Reached skill level 17 in Fire Magic
 26945 | Elf:3    | Killed Xoff's ghost
 26948 | Elf:3    | Killed Dedwaat's ghost
 26948 | Elf:3    | Killed Edwirosa's ghost
 26950 | Elf:3    | Killed Mll's ghost
 26951 | Elf:3    | Reached skill level 20 in Spellcasting
 26953 | Elf:3    | Killed Assuef's ghost
 26955 | Elf:3    | Killed Dreamthief's ghost
 26955 | Elf:3    | Killed Hiohy's ghost
 27297 | Elf:3    | Reached skill level 9 in Fighting
 27422 | Elf:3    | Noticed a deep elf master archer
 27425 | Elf:3    | Reached skill level 17 in Conjurations
 27427 | Elf:3    | Noticed a deep elf blademaster
 27430 | Elf:3    | Killed a deep elf blademaster
 27431 | Elf:3    | Reached skill level 10 in Dodging
 27435 | Elf:3    | Identified the +5 rapier "Leet" {heavy, rN++ Will+ Int-5
                  | Dex+2}
 27554 | Elf:3    | Identified the -1 buckler "Gosav" {Int+5}
 27674 | Elf:3    | Killed a deep elf master archer
 27882 | Elf:3    | Identified the +2 spear "Ollecimm" {flame, rPois rC+ Will-
                  | Dex+3}
 27882 | Elf:3    | Identified the amulet "Buruxzih" {rF+ RegenMP+ Str+6}
 27886 | Elf:3    | Identified the +7 shortbow "Dumaj" {flame, ^Drain Int+5
                  | Dex+3}
 27887 | Elf:3    | Reached XP level 18. HP: 98/105 MP: 28/44
 27888 | Elf:3    | Identified the +6 rapier of Circularity {heavy, rElec rCorr
                  | Dex+3}
 28056 | Elf:3    | Identified the ring "Zomuekhlu" {rCorr Str+4}
 28089 | Elf:3    | Upgraded the game from 0.32-a0-675-gdc239d62e1 to
                  | 0.32-a0-685-g93135e86f0
 28251 | Elf:3    | Identified the +8 chain mail of Slovenliness {Stlth+}
 28869 | Shoals:1 | Entered Level 1 of the Shoals
 28976 | Shoals:1 | Reached skill level 7 in Air Magic
 29035 | Shoals:1 | Reached skill level 9 in Evocations
 29299 | Shoals:1 | You fall into a shaft and drop 1 floor!
 30067 | Shoals:2 | Found Lienwuc's Distillery.
 30075 | Shoals:2 | Bought a potion of curing for 39 gold pieces
 30075 | Shoals:2 | Bought a potion of curing for 39 gold pieces
 30075 | Shoals:2 | Bought a potion of curing for 39 gold pieces
 30075 | Shoals:2 | Bought a potion of haste for 130 gold pieces
 30075 | Shoals:2 | Bought a potion of enlightenment for 65 gold pieces
 30349 | Shoals:3 | Reached skill level 21 in Spellcasting
 30461 | Shoals:3 | Reached skill level 18 in Fire Magic
 30700 | Shoals:4 | Entered Level 4 of the Shoals
 30700 | Shoals:4 | Noticed Louise
 30703 | Shoals:4 | Killed Louise
 31101 | Shoals:4 | Reached skill level 11 in Dodging
 31214 | Shoals:4 | Identified the ring "Vudej" {rC+ Will+ Str+4}
 31320 | Shoals:4 | Acquired a talisman of death
 31665 | Shoals:4 | Identified the +2 chain mail of Pigeona {rF+ rC+}
 31792 | Shoals:4 | Got a barnacled rune of Zot
 32136 | Shoals:4 | Reached skill level 18 in Conjurations
 32244 | Shoals:4 | Reached skill level 8 in Air Magic
 32244 | Shoals:4 | Reached skill level 1 in Shapeshifting
 32713 | Vaults:1 | Entered Level 1 of the Vaults
 32714 | Vaults:1 | Found Joasm's Weapon Emporium.
 32738 | Vaults:1 | Learned a level 9 spell: Fire Storm
 32740 | Vaults:1 | Found Vuonwaygi's Jewellery Shoppe.
 32810 | Vaults:1 | Reached XP level 19. HP: 112/112 MP: 43/46
 32874 | Vaults:1 | Reached skill level 4 in Throwing
 32917 | Vaults:1 | Found Retaro Apom's Jewellery Shop.
 33228 | Vaults:1 | Reached skill level 2 in Shapeshifting
 33383 | Vaults:1 | Found Byasi's Antique Armour Emporium.
 33386 | Vaults:1 | Reached skill level 10 in Evocations
 33423 | Vaults:1 | Bought a pair of glowing boots for 180 gold pieces
 33675 | Vaults:1 | Found Ycietuh's Book Shop.
 33895 | Vaults:1 | Found Oqeumn's Armour Emporium.
 34480 | Vaults:2 | Reached skill level 10 in Fighting
 34496 | Vaults:2 | Found a staircase to the Crypt.
 34648 | Vaults:2 | Reached skill level 5 in Throwing
 34648 | Vaults:2 | Reached skill level 3 in Shapeshifting
 35466 | Vaults:3 | Reached skill level 22 in Spellcasting
 35472 | Vaults:3 | Noticed Jory
 35566 | Vaults:3 | Reached skill level 9 in Air Magic
 35568 | Vaults:3 | Reached skill level 12 in Dodging
 35665 | Vaults:3 | Reached skill level 19 in Fire Magic
 35669 | Vaults:3 | Reached XP level 20. HP: 117/117 MP: 38/48
 35767 | Vaults:3 | Identified the death talisman of Pykhluoz {rElec}
 35790 | Vaults:3 | You fall into a shaft and drop 1 floor!
 36095 | Vaults:4 | Reached skill level 4 in Shapeshifting
 36274 | Vaults:3 | Noticed Margery
 36342 | Vaults:3 | Killed Margery
 36554 | Vaults:3 | Reached skill level 19 in Conjurations
 37015 | Vaults:3 | Killed Jory
 37418 | Vaults:3 | Reached skill level 6 in Throwing
 37642 | Vaults:3 | Noticed Sojobo
 37649 | Vaults:3 | Killed Sojobo
 38148 | Vaults:4 | Found Etetelow's Magic Scroll Shop.
 38153 | Vaults:4 | Reached skill level 11 in Evocations
 39053 | Vaults:4 | Bought a scroll of blinking for 142 gold pieces
 39053 | Vaults:4 | Bought a scroll of blinking for 142 gold pieces
 39053 | Vaults:4 | Bought 3 scrolls of revelation for 427 gold pieces
 39053 | Vaults:4 | Bought a scroll of immolation for 76 gold pieces
 39333 | Spider:1 | Entered Level 1 of the Spider Nest
 39334 | Spider:1 | Noticed Nikola
 39343 | Spider:1 | Killed Nikola
 39753 | Spider:1 | Reached skill level 5 in Shapeshifting
 39802 | Spider:1 | Reached skill level 10 in Air Magic
 40076 | Spider:1 | Identified the +0 robe "Gomiguf" {rElec rCorr Stlth-}
 40095 | Spider:1 | Acquired the ring "Xyfefer" {rPois rF+ rC+ Dex+4}
 40678 | Spider:2 | Reached XP level 21. HP: 123/123 MP: 49/49
 40712 | Spider:2 | Reached skill level 23 in Spellcasting
 40715 | Spider:2 | Identified the +7 war axe of Severance {flame, rF+ rC+
                  | Str+4 Dex-3}
 41404 | Spider:2 | Reached skill level 13 in Dodging
 41870 | Spider:3 | Reached skill level 7 in Throwing
 42400 | Spider:4 | Entered Level 4 of the Spider Nest
 42413 | Spider:4 | Reached skill level 20 in Fire Magic
 42495 | Spider:4 | Reached skill level 11 in Fighting
 43302 | Spider:4 | Reached skill level 6 in Shapeshifting
 43361 | Spider:4 | Identified the +2 hat "Gecoetz" {+Blink rC+ Str-3}
 43390 | Spider:4 | Got a gossamer rune of Zot
 43670 | Slime:1  | Entered Level 1 of the Pits of Slime
 44190 | Slime:3  | Reached skill level 20 in Conjurations
 44494 | Slime:5  | Entered Level 5 of the Pits of Slime
 44561 | Slime:5  | Reached XP level 22. HP: 120/130 MP: 47/51
 44656 | Slime:5  | Reached skill level 12 in Evocations
 44656 | Slime:5  | Reached skill level 7 in Shapeshifting
 44680 | Slime:5  | Noticed the Royal Jelly
 44687 | Slime:5  | Killed the Royal Jelly
 44713 | Slime:5  | Reached skill level 8 in Throwing
 44927 | Slime:5  | Reached skill level 11 in Air Magic
 44977 | Slime:5  | Identified the +2 dagger "Ogomn" {heavy, rElec Str+3 Int-3
                  | SInv}
 44978 | Slime:5  | Identified the +0 scale mail of the Wumpus {rPois Will-
                  | Dex+2 SInv}
 45047 | Slime:5  | Got the Grimoire of Glaciation
 45119 | Slime:5  | Identified the amulet "Boyl" {Reflect rElec rN+ Dex+3 SH+5
                  | Stlth+}
 45138 | Slime:5  | Got the Handbook of Foggy Hoarfrost
 45784 | Slime:5  | Identified the +7 whip of Huobrich {drain, *Rage Int+3
                  | Dex+2 SInv}
 45785 | Slime:5  | Identified the ring "Qaejug" {rCorr Str+3 Int-5 Slay+2}
 45789 | Slime:5  | Got a slimy rune of Zot
 46148 | Depths:1 | Entered Level 1 of the Depths
 46150 | Depths:1 | Reached skill level 24 in Spellcasting
 46521 | Depths:1 | Reached skill level 14 in Dodging
 46584 | Depths:1 | Found a transporter.
 46584 | Depths:1 | Found a transporter.
 46597 | Depths:1 | Noticed an ancient lich
 46796 | Depths:1 | Found Emok's Book Shop.
 46796 | Depths:1 | Found Firumog's Jewellery Emporium.
 46797 | Depths:1 | Found Emull's Book Shop.
 46845 | Depths:1 | Noticed Tulador's ghost (adept HOFi)
 46981 | Depths:1 | Reached skill level 8 in Shapeshifting
 47074 | Depths:1 | Found a gateway to Hell.
 47144 | Depths:1 | Found a snail-covered altar of Cheibriados.
 47569 | Depths:2 | Found an iron altar of Okawaru.
 47653 | Depths:2 | Found a one-way gate leading to the halls of Pandemonium.
 47866 | Depths:2 | Found an ornate altar of the Wu Jian Council.
 47866 | Depths:2 | Found an ornate altar of the Wu Jian Council.
 47905 | Depths:2 | Reached skill level 21 in Fire Magic
 48376 | Depths:2 | Reached XP level 23. HP: 136/136 MP: 39/53
 48511 | Depths:2 | Reached skill level 12 in Air Magic
 48823 | Depths:2 | Reached skill level 9 in Shapeshifting
 48878 | Depths:2 | Identified the +8 sling of Fortitude {elec, Fly Will+}
 48906 | Depths:2 | Reached skill level 1 in Shields
 49117 | Depths:2 | Noticed a juggernaut
 49487 | Depths:2 | Reached skill level 21 in Conjurations
 49557 | Depths:2 | Killed a juggernaut
 49611 | Depths:2 | Reached skill level 9 in Throwing
 49622 | Depths:2 | Identified the staff of the Coin {rElec Str+2 Air}
 49633 | Depths:2 | Identified the staff "Kipiponicsu" {rF+ rN+ Str+3 Dex-3
                  | Necro}
 49640 | Depths:2 | Identified the +8 plate armour of Impressiveness {Int+3
                  | Dex+5 Stlth+}
 49667 | Depths:3 | Found a one-way gate to the infinite horrors of the Abyss.
 49992 | Depths:3 | Found the +7 sceptre of Torment {pain, torment}
 50115 | Depths:3 | Reached skill level 2 in Shields
 50151 | Depths:3 | Found a transporter.
 50170 | Depths:3 | Found Dampiuf's Weapon Boutique.
 50413 | Depths:3 | Found a one-way gateway to a ziggurat.
 50757 | Depths:4 | Entered Level 4 of the Depths
 50884 | Depths:4 | Reached skill level 12 in Fighting
 50921 | Depths:4 | Noticed Xtahua
 50933 | Depths:4 | Killed Xtahua
 51015 | Depths:4 | Found an opulent altar of Gozag.
 51042 | Depths:4 | Acquired 821 gold pieces
 51071 | Depths:4 | Reached skill level 13 in Evocations
 51071 | Depths:4 | Reached skill level 10 in Shapeshifting
 51134 | Depths:4 | Reached skill level 13 in Air Magic
 51260 | Depths:4 | Found a gate to the Realm of Zot.
 51675 | Depths:4 | Acquired the ring "Gadicsi" {Fire Str+3 Int+3 Dex+2 SInv}
 52040 | Depths:4 | Learned a level 9 spell: Chain Lightning
 52640 | Vaults:5 | Entered Level 5 of the Vaults
 52643 | Vaults:5 | Reached XP level 24. HP: 62/142 MP: 53/53
 52644 | Vaults:5 | Reached skill level 3 in Shields
 52925 | Vaults:5 | Noticed an ancient lich
 52928 | Vaults:5 | Reached skill level 15 in Dodging
 53119 | Vaults:5 | Killed an ancient lich
 53203 | Vaults:5 | Identified the +3 orcbow of the Endless Expanse {drain,
                  | rPois Int+3 Dex+3 Stlth+} (You took it off an orc on level
                  | 5 of the Vaults)
 53217 | Vaults:5 | Reached skill level 22 in Fire Magic
 53237 | Vaults:5 | Identified the +7 great sword of Valour {freeze, rN+++ MP+9
                  | Str+2 Int-3}
 53281 | Vaults:5 | Reached skill level 10 in Throwing
 53281 | Vaults:5 | Reached skill level 11 in Shapeshifting
 53291 | Vaults:5 | Identified the ring "Goxt" {Fire +Blink rElec Int-3 Dex+4}
 53534 | Vaults:5 | Identified the +1 trident of the Ass {pain, rElec}
 53546 | Vaults:5 | Identified the +1 ring mail of Lucappeg {Regen+ Str+3}
 53571 | Vaults:5 | Identified the +7 lajatang of Xouf Rig {freeze, Int+3}
 53600 | Vaults:5 | Identified the ring of Ujuweb {Will+ Int+6 Slay+2 Stlth+}
                  | (You took it off an orc on level 5 of the Vaults)
 53635 | Vaults:5 | Identified the +6 plate armour of Contentment {Dex+2}
 53710 | Vaults:5 | Identified the +0 chain mail of the Bursting Gods {rN+}
 54190 | Vaults:5 | Reached skill level 14 in Air Magic
 54350 | Vaults:5 | Identified the +1 chain mail of the Iron City of Dis {rC++
                  | Str+2}
 54459 | Vaults:5 | Reached skill level 4 in Shields
 54505 | Vaults:5 | Identified the +2 robe of Milack {^Contam Regen+ Dex+6
                  | Stlth+}
 54612 | Vaults:5 | Identified the +0 chain mail of Taen {-Tele Rampage rN++}
 54745 | Vaults:5 | Got a silver rune of Zot
 55051 | Crypt:1  | Entered Level 1 of the Crypt
 55090 | Crypt:1  | Reached skill level 22 in Conjurations
 55095 | Crypt:1  | Reached skill level 25 in Spellcasting
 55324 | Crypt:1  | Found an ancient bone altar of Kikubaaqudgha.
 55645 | Crypt:2  | Reached XP level 25. HP: 136/148 MP: 52/54
 55994 | Crypt:3  | Entered Level 3 of the Crypt
 56303 | Crypt:3  | Identified the orb of Enasch {*channel, *Corrode Str+2
                  | Fire}
 56303 | Crypt:3  | Noticed Frederick
 56306 | Crypt:3  | Killed Frederick
 56310 | Crypt:3  | Reached skill level 12 in Shapeshifting
 57128 | Crypt:3  | Identified the +2 robe of the Gloaming {Will+}
 57128 | Crypt:3  | Noticed Boris
 57132 | Crypt:3  | Killed Boris
 57183 | Crypt:3  | Found a basalt altar of Yredelemnul.
 57281 | Crypt:3  | Reached skill level 14 in Evocations
 57374 | Crypt:3  | Reached skill level 15 in Air Magic
 57678 | Crypt:3  | Found an ancient bone altar of Kikubaaqudgha.
 57682 | Crypt:3  | Found a basalt altar of Yredelemnul.
 57721 | Crypt:3  | Identified the staff of Brawling {rElec Will+ Conj}
 57811 | Crypt:3  | Found a runed translucent door.
 57811 | Crypt:3  | Found a shimmering altar of Xom.
 57811 | Crypt:3  | Noticed Kuuzonye's ghost (adept MDFi)
 57811 | Crypt:3  | Identified the +1 quick blade of Ruketzit {chaos, +Blink
                  | rF+ rC+ rCorr}
 57811 | Crypt:3  | Found the macabre finger necklace {Finger+ rN+}
 57829 | Crypt:3  | Killed Kuuzonye's ghost
 57910 | Crypt:3  | Found a staircase to the Tomb.
 58060 | Crypt:3  | Got Sif Muna's Precepts of Numb Mortification
 58065 | Crypt:3  | Identified the ring "Wumenal" {Wiz rF+ rN++ Will- Stlth+}
 58065 | Crypt:3  | Identified the ring "Hauwnaor" {rElec rN++ Int-4 Dex+6}
 58065 | Crypt:3  | Identified the ring "Racehebb" {rC+ rN++ Will+}
 58786 | Zig:1    | Entered Level 1 of a ziggurat
 58823 | Zig:2    | Entered Level 2 of a ziggurat
 58854 | Zig:3    | Entered Level 3 of a ziggurat
 58858 | Zig:3    | Reached skill level 5 in Shields
 58889 | Zig:4    | Entered Level 4 of a ziggurat
 58895 | Zig:4    | Reached skill level 11 in Throwing
 58957 | Zig:5    | Entered Level 5 of a ziggurat
 58995 | Zig:6    | Entered Level 6 of a ziggurat
 59025 | Zig:6    | Identified the ring of Faeceseofi {+Blink rC+ rN+ Str+3
                  | Int-2}
 59039 | Zig:7    | Entered Level 7 of a ziggurat
 59047 | Zig:7    | Noticed a dread lich
 59048 | Zig:7    | Reached skill level 16 in Dodging
 59048 | Zig:7    | Killed a dread lich
 59068 | Zig:7    | Identified the +5 shortbow "Wepnurghy" {drain, rC+ Str+4
                  | Dex-2}
 59072 | Zig:8    | Entered Level 8 of a ziggurat
 59096 | Zig:8    | Found the +8 mithril axe "Arga" {speed, Will+}
 59111 | Zig:8    | Identified the +11 flail "Woafogy" {venom, rC++ Stlth+}
 59112 | Zig:8    | Identified the ring "Wuxoxtuz" {rF+ rCorr MP-9 SInv}
 59166 | Zig:9    | Entered Level 9 of a ziggurat
 59172 | Zig:9    | Reached skill level 13 in Fighting
 59193 | Zig:9    | Identified the +1 robe of the Alphagorgon {Harm Archmagi}
 59206 | Zig:9    | Identified the +10 scimitar of Doubt {pain, rPois Dex+3}
 59234 | Zig:10   | Entered Level 10 of a ziggurat
 59238 | Zig:10   | Noticed a royal mummy
 59239 | Zig:10   | Noticed a royal mummy
 59241 | Zig:10   | Killed a royal mummy
 59242 | Zig:10   | Killed a royal mummy
 59243 | Zig:10   | Noticed a royal mummy
 59245 | Zig:10   | Reached skill level 23 in Fire Magic
 59245 | Zig:10   | Killed a royal mummy
 59246 | Zig:10   | Reached XP level 26. HP: 32/152 MP: 52/54
 59540 | Zig:10   | Got Soasedec's Annotations on Violence
 59549 | Zig:11   | Entered Level 11 of a ziggurat
 59559 | Zig:11   | Found the +9 staff of Olgreb {rPois∞}
 59615 | Zig:11   | Identified the +0 plate armour of Runoc {rCorr Str+3 Dex+4
                  | Slay-6}
 59635 | Zig:12   | Entered Level 12 of a ziggurat
 59637 | Zig:12   | Reached skill level 13 in Shapeshifting
 59669 | Zig:12   | Lost strength.
 59671 | Zig:12   | HP: 1/156 [green death (24)]
 59671 | Zig:12   | Slain by a ghost moth

Illustrated notes

Levels and vault maps discovered:
D:1:      orjb1_lava_funnel, layout_loops_corners, minmay_box_of_dots
D:2:      minmay_evil_eye, layout_basic
D:3:      layout_basic, shapermc_ecumenical_altar_venn, reono_crystal_passage,
          hangedman_abyss_or_decor_stabs
D:4:      minmay_chambers_of_twos, layout_basic, nicolae_overflow_crystal_walls
D:5:      layout_basic, gammafunk_temple_overflow_pools, uniq_grinder,
          uniq_pikel
D:6:      layout_rooms, minmay_temple_entry_large_hall, enter_ossuary_1
D:7:      kennysheep_housing_project, layout_rooms,
          nicolae_tso_swordbearing_angel, mainiacjoe_overflow_paths,
          uniq_jeremiah
D:8:      layout_basic, hellmonk_lair_entry_icy
D:9:      layout_roguey, david_orc_4, serial_shops,
          nicolae_shop_bloodbath_and_beyond
D:10:     layout_basic, serial_shops, nicolae_shop_crystal, uniq_maurice
D:11:     layout_roguey, elyvilon_altar_5, uniq_harold, uniq_grum, uniq_erica,
          uniq_snorg
D:12:     layout_loops_ring
D:13:     layout_gridville, erik_vaults_2, dreamdust_princess_bridge,
          xom_teletrap_fun, uniq_rupert
D:14:     layout_roguey, minmay_door_square, nicolae_specific_store
D:15:     gammafunk_enter_depths_forms, layout_loops_cross, kennysheep_doodads
Temple:   bh_familiar_temple
Lair:1:   layout_cave_shapes, special_room [special_room_bee],
          dreamdust_mushroom_princess, chequers_serial_rivers_micro_c,
          st_stairs_13, uniq_joseph, uniq_gastronok
Lair:2:   layout_chaotic_city, minmay_shoals_entry_centaurs,
          spider_nest_entry_rubble, gauntlet_entry_generic, serial_bayou_shore_a
Lair:3:   layout_roguey, nzn_sisyphean_effort, uniq_josephine, uniq_kirke
Lair:4:   layout_gridlike, dpeg_slime_entry_enclosed, basic_altar,
          grunt_megastairs_4
Lair:5:   minmay_lair_end_enchanted_forest, layout_cave_pods, grunt_megastairs_2
Shoals:1: layout_shoals
Shoals:2: layout_shoals, serial_shops, shop, st_sunken_huts
Shoals:3: layout_shoals
Shoals:4: shoals_end_hangedman, layout_shoals, uniq_louise
Spider:1: layout_spider_delve, uniq_nikola
Spider:2: layout_chambers, nicolae_crawler_farm
Spider:3: layout_cave_pods
Spider:4: grunt_spider_rune_circles, drop_trap
Slime:1:  layout_caves
Slime:2:  layout_caves, cheibrodos_slime_lost_civilization_4
Slime:3:  layout_caves
Slime:4:  layout_caves
Slime:5:  slime_pit_nicolae_inversion
Orc:1:    layout_caves, uniq_sonja
Orc:2:    st_orc_rangers, layout_diamond_mine,
          gammafunk_ghost_wrathful_warriors, uniq_jorgrun
Elf:1:    eino_elf_arrival_altar, layout_rooms, serial_shops,
          nicolae_shop_tiny_statue_garden, hangedman_elven_crosses_minicolossus,
          monkooky_shop_alliterative
Elf:2:    elven_hall_of_blades_hangedman_original
          [nicolae_blade_entry_hurt_lockers], layout_geoelf_grid,
          minmay_elf_demonology
Elf:3:    elf_hall_gauntlet_wide, layout_rooms, gammafunk_ghost_door_vault,
          serial_shops, shop
Vaults:1: ontoclasm_vaults_misaligned, v_misc_5, ontoclasm_vaults_pinch,
          nicolae_vaults_trapezoid_1, hangedman_vaults_cutoff,
          nicolae_vaults_trapezoid_lopsided_1, v_pattern_5,
          nicolae_vaults_double_plus_1, dpeg_vaults_monster_box,
          nicolae_vaults_little_squares_4, hangedman_vaults_river_flow,
          nicolae_vaults_security_offices_1, grunt_vaults_swirl,
          layout_vaults_maze_snakey, serial_shops, nicolae_shop_stone,
          nicolae_shop_stone, shop, shop, nicolae_shop_hallway_stairs
Vaults:2: vaults_room_glass_cross, vaults_mumra_chevron,
          nicolae_vaults_apartment_1, nicolae_vaults_house_2, serial_ice_g,
          nicolae_vaults_little_ls, minmay_crypt_entry_simple_box,
          nicolae_vaults_closet_pinwheel_2, layout_vaults_omnigrid
Vaults:3: v_misc_27, nicolae_vaults_doubleplus_tesselated,
          nicolae_vaults_windows_and_doors_thing,
          nicolae_vaults_sesquioval_fish, ontoclasm_vaults_shout, v_misc_2,
          nicolae_vaults_closet_pinwheel_3, layout_vaults_ring, uniq_jory,
          uniq_sojobo, uniq_margery
Vaults:4: nicolae_vaults_ring_of_whatevers, v_misc_26, v_rooms_3,
          ontoclasm_vaults_twist, grunt_vaults_bifocal,
          nicolae_vaults_layer_cake_slice, nicolae_vaults_little_squares_6,
          v_misc_8, nicolae_vaults_surprise_closet,
          nicolae_vaults_three_branches, nicolae_vaults_ring_of_whatevers,
          nicolae_vaults_tetromino_L_2, layout_vaults_big_room, serial_shops,
          nicolae_shop_waterfront
Vaults:5
Crypt:1:  layout_rooms, basic_altar, serial_library_hellmonk_semicircle
Crypt:2:  layout_rooms, wad_floor_pattern_untrapped
Crypt:3:  lightli_unholy_cathedral, layout_chaotic_city,
          tomb_entry_forgotten_bobbens, ebering_ghost_xom, basic_altar,
          uniq_frederick, uniq_boris
Depths:1: layout_roguey, grunt_hell_horde, gammafunk_ghost_mausoleum,
          lemuel_statue_altar, cheibriados_altar_1, minmay_shop_grove
Depths:2: hangedman_slaughterboxes, pan_entry, hell_entry
Depths:3: emtedronai_trogs_sanctum, layout_cave_pools, enter_ziggurat_c,
          serial_shops, shop, pf_hell_entry_tar_river, abyss_entry,
          minmay_crystal_room, infiniplex_staircase_zigzag_4
Depths:4: grunt_zot_entry_tricorne, layout_gridlike,
          chequers_serial_rivers_room_a, grunt_hell_entry_dis_old, abyss_entry,
          nicolae_gozag_seed_capital, serial_bayou_shore_b, uniq_xtahua
Zig:12:   ziggurat_pillar_centre_armed, ziggurat_pillar_centre_armed,
          ziggurat_pillar_centre_armed, ziggurat_pillar_centre_armed

Skill      XL: |  1  2  3  4  5  6  7  8  9 10 11 12 13 14 15 16 17 18 19 20 21 22 23 24 25 26 |
---------------+-------------------------------------------------------------------------------+-----
Conjurations   | 2 3 4 5 6 7 9 10 11 13 14 15 16 17 18 19 20 21 22 | 22.9
Spellcasting   | 4 5 6 7 8 10 11 13 14 15 17 18 19 20 21 22 23 24 25 | 25.4
Fire Magic     | 4 5 6 7 8 9 11 12 13 14 15 16 17 18 19 20 21 22 23 | 23.1
Translocations | 1 2 3 4 5 |  5.0
Alchemy        | 4 6 8 9 10 | 10.0
Fighting       | 2 3 4 5 6 7 8 9 10 11 12 13 | 13.1
Throwing       | 2 3 5 6 7 8 9 10 11 | 11.7
Dodging        | 4 6 7 8 10 11 12 13 14 15 16 | 16.0
Evocations     | 2 4 6 7 8 9 10 11 12 13 14 | 14.4
Air Magic      | 3 5 6 8 9 10 11 13 14 15 | 15.7
Shapeshifting  | 1 3 5 6 8 10 11 12 13 | 13.1
Shields        | 2 4 5 |  5.6
Stealth        | |  2.4

Action                     |  1- 3 |  4- 6 |  7- 9 | 10-12 | 13-15 | 16-18 | 19-21 | 22-24 | 25-27 || total
---------------------------+-------+-------+-------+-------+-------+-------+-------+-------+-------++-------
  Melee: Dagger            |    20 |    19 |    36 |       |       |       |       |       |       ||    75
         Staff             |       |       |    51 |     6 |    23 |    20 |    43 |    23 |    62 ||   228
  Throw: Javelin           |       |       |       |       |       |       |       |       |    12 ||    12
   Cast: Foxfire           |    26 |       |     2 |     3 |       |       |       |       |       ||    31
         Scorch            |    24 |    81 |   217 |   219 |   298 |     5 |       |       |       ||   844
         Olgreb's Toxic Ra |       |       |     3 |    67 |    99 |     9 |    13 |    10 |       ||   201
         Ignite Poison     |       |       |     1 |    61 |    99 |     4 |    10 |     5 |       ||   180
         Irradiate         |       |       |       |       |    26 |    30 |    13 |    28 |     5 ||   102
         Blink             |       |       |       |       |     4 |     3 |     1 |     6 |     4 ||    18
         Fireball          |       |       |       |       |    82 |   413 |   468 |   365 |    89 ||  1417
         Plasma Beam       |       |       |       |       |     5 |     2 |       |     3 |       ||    10
         Orb of Destructio |       |       |       |       |       |    46 |    55 |   106 |    22 ||   229
         Ignition          |       |       |       |       |       |    53 |   171 |   113 |    14 ||   351
         Fire Storm        |       |       |       |       |       |       |     2 |    77 |   101 ||   180
         Chain Lightning   |       |       |       |       |       |       |       |     1 |       ||     1
  Evoke: Wand              |       |       |     4 |     1 |       |       |     2 |     1 |     1 ||     9
    Use: Scroll            |       |       |    10 |     5 |    11 |    10 |     3 |     8 |     1 ||    48
         Potion            |       |       |       |       |     2 |     3 |     1 |     4 |     1 ||    11
   Stab: Sleeping          |     1 |       |       |       |       |       |       |     2 |       ||     3
         Paralysed         |       |       |     2 |       |       |       |       |       |       ||     2
         Distracted        |       |       |       |       |     1 |       |       |       |       ||     1
 Armour: Robe              |    14 |    22 |   213 |   171 |    27 |    78 |   145 |   154 |    74 ||   898
         Steam dragon scal |       |       |       |       |   233 |    47 |       |       |       ||   280
  Dodge: Dodged            |    19 |    35 |   179 |    93 |   187 |    78 |    89 |   143 |   113 ||   936

Table legend: (Time is in decaauts)
 A = Elapsed time spent in this place.
 B = Non-inter-level travel time spent in this place.
 C = Inter-level travel time spent in this place.
 D = Time resting spent in this place.
 E = Time spent auto-exploring this place.
 F = Levels seen in this place.
 G = Mean time per level.
                   A        B        C        D        E       F      G
               +--------+--------+--------+--------+--------+-----+--------+
         Total |  60277 |  53371 |   6906 |  15178 |  26201 |  65 |  927.3 |
       Dungeon |  15977 |  13292 |   2685 |   2153 |   8738 |  15 | 1065.1 |
        Temple |    105 |    100 |      5 |     83 |      0 |   1 |  105.0 |
          Lair |   6260 |   5473 |    787 |   1301 |   3021 |   5 | 1252.0 |
        Shoals |   3975 |   3523 |    452 |    628 |   2092 |   4 |  993.8 |
   Spider Nest |   4033 |   3810 |    223 |   1011 |   2141 |   4 | 1008.2 |
    Slime Pits |   2074 |   1850 |    224 |    409 |    810 |   5 |  414.8 |
  Orcish Mines |   2514 |   2237 |    277 |    959 |    812 |   2 | 1257.0 |
   Elven Halls |   5741 |   5516 |    225 |   2745 |   1541 |   3 | 1913.7 |
        Vaults |   8997 |   7792 |   1205 |   2401 |   3925 |   5 | 1799.4 |
         Crypt |   2654 |   2401 |    253 |    631 |   1140 |   3 |  884.7 |
        Depths |   6037 |   5469 |    568 |   1940 |   1943 |   4 | 1509.2 |
      Ziggurat |    883 |    883 |      0 |    379 |      0 |  12 |   73.6 |
       Ossuary |    669 |    669 |      0 |    441 |     35 |   1 |  669.0 |
      Gauntlet |    352 |    352 |      0 |     97 |      0 |   1 |  352.0 |
               +--------+--------+--------+--------+--------+-----+--------+

Top non-repeatable levels by time:
Depths:2: 2843 daAuts
   Elf:3: 2417 daAuts
Vaults:2: 2385 daAuts
   Orc:2: 2126 daAuts
Vaults:4: 2042 daAuts
   Elf:2: 1825 daAuts
Vaults:5: 1780 daAuts
     D:7: 1641 daAuts
     D:5: 1622 daAuts
 Crypt:3: 1573 daAuts
Spider:2: 1539 daAuts
   Elf:1: 1499 daAuts
  Lair:5: 1484 daAuts
    D:12: 1470 daAuts
Shoals:4: 1450 daAuts
